 Dungeon Crawl Stone Soup version 0.32-a0-909-gc671339a80 (webtiles) character file.

Game seed: 1416215440267481310

4431 Bediveer the Cleaver (level 10, 0/92 HPs)
             Began as a Mountain Dwarf Fighter on Apr 6, 2024.
             Was a Believer of Nemelex Xobeh.
             Killed from afar by Maurice (9 damage)
             ... with a puff of flame
             ... on level 9 of the Dungeon.
             The game lasted 00:08:47 (7359 turns).

Bediveer the Cleaver (Mountain Dwarf Fighter)       Turns: 7359, Time: 00:08:48

Health: 0/92       AC:  7    Str: 34    XL:     10   Next: 14%
Magic:  6/12       EV: 14    Int:  9    God:    Nemelex Xobeh [**....]
Gold:   0          SH:  4    Dex:  9    Spells: 9/9 levels left

rFire   . . .        j - +7 broad axe "Vilor" {flame, Str+5}
rCold   . . .        c - +0 buckler
rNeg    . . .        b - +0 scale mail
rPois   .            (no helmet)
rElec   .            (no cloak)
rCorr   .            (no gloves)
SInv    .            (no boots)
Will    +....        (no amulet) Stlth
                     e - +5 ring of evasion
HPRegen 0.35/turn    A - +6 ring of strength
MPRegen 0.13/turn

%: no passive effects
@: on berserk cooldown, slowed, very slow
A: runic magic, artefact enchanting
a: Renounce Religion, Draw Escape, Draw Destruction, Draw Summoning


You were on level 9 of the Dungeon.
You worshipped Nemelex Xobeh.
Nemelex Xobeh was pleased with you.
You visited 2 branches of the dungeon, and saw 10 of its levels.

Inventory:

Hand Weapons
 g - a +0 whip of draining
 j - the +7 broad axe "Vilor" (weapon) {flame, Str+5}
   (You acquired it on level 2 of the Dungeon)

   Str+5:     It affects your strength (+5).
Missiles
 m - 15 boomerangs
 n - 29 poisoned darts
Armour
 b - a +0 scale mail (worn)
 c - a +0 buckler (worn)
 t - the +2 helmet of Misanthropy {+Inv Regen+ Slay-2 Stlth-}
   (You took it off Robin on level 3 of the Dungeon)

   Slay-2:    It affects your accuracy & damage with ranged weapons and melee
   (-2).
   +Inv:      It lets you turn invisible.
   Regen+:    It increases your rate of health regeneration.
   Stlth-:    It makes you less stealthy.
Jewellery
 e - a +5 ring of evasion (left hand)
 u - a +6 ring of intelligence
 A - a +6 ring of strength (right hand)
 E - a ring of protection from fire
 I - a ring of ice
 L - a ring of poison resistance
Wands
 D - a wand of flame (22)
Scrolls
 a - a scroll of revelation
 h - 2 scrolls of enchant armour
 i - 4 scrolls of fear
 r - 3 scrolls of teleportation
 B - a scroll of vulnerability
 C - a scroll of blinking
 G - a scroll of torment
 H - a scroll of poison
 M - 2 scrolls of amnesia {unknown}
Potions
 d - 2 potions of might
 f - a potion of enlightenment {unknown}
 k - a potion of cancellation {unknown}
 l - 3 potions of attraction
 o - 2 potions of curing
 p - 2 potions of degeneration {unknown}
 q - 2 potions of berserk rage
 s - a potion of ambrosia {unknown}
 v - a potion of magic {unknown}
 x - 3 potions of lignification
 z - a potion of heal wounds {unknown}
 F - a potion of resistance {unknown}


   Skills:
 + Level 9.7 Fighting
 * Level 13.8 Axes
 + Level 4.2 Armour
 + Level 4.1 Shields
 + Level 2.7 Invocations


You had 9 spell levels left.
You didn't know any spells.
Your spell library contained the following spells:

 Spells                   Type           Power      Damage    Failure   Level
 Slow                     Hex            0%         N/A       47%         1
 Call Imp                 Summ           0%         N/A       63%         2
 Scorch                   Fire           0%         2d5       63%         2
 Sublimation of Blood     Necr           0%         N/A       63%         2
 Confusing Touch          Hex            0%         N/A       85%         3
 Dazzling Flash           Conj/Hex       0%         N/A       85%         3
 Vampiric Draining        Necr           0%         2d6       85%         3
 Flame Wave               Conj/Fire      0%         2d4       99%         4
 Starburst                Conj/Fire      0%         6d3       100%        6
 Summon Cactus Giant      Summ           0%         N/A       100%        6
 Summon Hydra             Summ           0%         N/A       100%        7
 Maxwell's Capacitive Co  Air            0%         ∞         100%        8


Dungeon Overview and Level Annotations

Branches:
Dungeon (9/15)             Temple (1/1) D:4             Orc (0/2) D:9
   Lair: D:8-11

Altars:
Ashenzari
Cheibriados
Dithmenos
Elyvilon
Gozag
Hepliaklqana
Kikubaaqudgha
Makhleb
Nemelex Xobeh
Okawaru
Qazlal
Ru
Sif Muna
Uskayaw
Vehumet
Wu Jian
Xom
Yredelemnul
Zin
The Shining One

Shops:
D:5 [

Portals:
Bailey: D:9

Annotations:
D:9 Maurice


Innate Abilities, Weirdness & Mutations

Your spellcasting is much less encumbered by armour.
You can use scrolls of enchantment on lesser artefacts.


Message History

a +4 trident of draining; a +0 robe; an orb of mayhem You hear a zap.
A puff of flame appears from out of thin air!
The puff of flame hits you but does no damage.
You feel your anger nearly subside.
Items here: ( ))) †.
Something blocks your attack.
You hear some strange, mumbled words.
You are no longer berserk.
You are exhausted.
You feel yourself slow down.
A poisoned dart appears from out of thin air!
The poisoned dart hits you!
You are poisoned.
You feel very sick. Something hits you but does no damage. Something bites you.
* * * LOW HITPOINT WARNING * * *
You feel your power leaking away. Something drains your magic.
Something completely misses you. Something bites you.
* * * LOW HITPOINT WARNING * * *
You feel your power leaking away. Something drains your magic.
You feel better. Something hits you.
* * * LOW HITPOINT WARNING * * *
Something steals 423 gold pieces!
You now have 0 gold pieces.
Something bites you!
* * * LOW HITPOINT WARNING * * *
You feel your power leaking away. Something drains your magic.
Blink to where?
Press: ? - help, Dir - move target
Okay, then.
As you read the scroll of fear, it crumbles to dust.
You assume a fearsome visage.
The goblin looks frightened!
You hear a zap.
A puff of flame appears from out of thin air!
The puff of flame hits you!
You die...
Your body disappears without a glow.

,,,,,*,,,,***#.##......#.*##.##..
,,,,,,,,,,* #.#......,#.# #####.
,,,,,,,,,.####.#.....###.# #....
+*,,,,,,,................####...†
,,,,,,,,,........?..........#../.
,,,,,,,,####.........####.#....._
,,,,,,,,....................#....
,,,,,,,,........{###.#......#....
,,,,,,,,....)...@....#.##..##..†.
,,,,,,*,.≈≈≈≈≈...###........####.
,******,.≈.>g≈...# #.####..#.#,..
,* *,.~.∩)≈.$)###.# #......*# ,*
*,.≈...≈)..)...##*#..#.### ,*
*,.≈≈≈≈≈.)...........#.# ,*
*,.........#######*,,,,* ,*
*,####.###.# *,**** ** *** #.*
#.# *,*


You could see a goblin (fleeing).

Vanquished Creatures
  A two-headed ogre (D:8)
  Jeremiah (D:9)
  Prince Ribbit (D:9)
  A wraith (D:9)
  A wyvern (D:8)
  A steam dragon (D:7)
  2 water moccasins (D:6)
  4 orc warriors
  An ice beast (D:8)
  2 ogres (D:6)
  3 centaurs (D:6)
  3 phantoms
  3 kobold brigands
  3 bullfrogs
  4 scorpions
  5 orc priests
  2 hounds
  2 jellies
  A gnoll bouda (D:7)
  6 iguanas
  2 sleepcaps (D:7)
  4 orc wizards
  Robin (D:3)
  16 gnolls
  2 adders
  2 shadow imps (D:5)
  4 ufetubi
  3 ribbon worms
  3 dart slugs
  41 orcs
  10 endoplasms
  4 giant cockroaches
  23 goblins
  15 hobgoblins
  6 jackals
  24 kobolds
  4 quokkas
  12 ball pythons
  7 bats
  5 frilled lizards
  5 rats
240 creatures vanquished.

Vanquished Creatures (collateral kills)
  3 goblins (D:9)
  A kobold (D:9)
4 creatures vanquished.

Grand Total: 244 creatures vanquished

Notes
Turn   | Place    | Note
-------+----------+-------------------------------------------
     0 | D:1      | Bediveer the Mountain Dwarf Fighter began the quest for the
                  | Orb.
     0 | D:1      | Reached XP level 1. HP: 19/19 MP: 1/1
   102 | D:1      | Reached skill level 3 in Axes
   259 | D:1      | Reached XP level 2. HP: 26/26 MP: 2/2
   558 | D:1      | Reached XP level 3. HP: 31/33 MP: 3/3
  1108 | D:2      | Reached skill level 4 in Axes
  1523 | D:2      | Identified a scroll of acquirement
  1524 | D:2      | Acquired the +5 broad axe "Vilor" {flame, Str+5}
  1912 | D:3      | Reached XP level 4. HP: 40/40 MP: 4/4
  2013 | D:3      | Identified the +2 helmet of Misanthropy {+Inv Regen+ Slay-2
                  | Stlth-}
  2013 | D:3      | Noticed Robin
  2023 | D:3      | Killed Robin
  2026 | D:3      | Reached skill level 5 in Axes
  2067 | D:3      | Reached XP level 5. HP: 29/47 MP: 5/5
  2392 | D:3      | Found a broken altar of Ashenzari.
  2477 | D:3      | Found a white marble altar of Elyvilon.
  2542 | D:3      | Found a hazy altar of Hepliaklqana.
  2543 | D:3      | Found a faded altar of an unknown god.
  2722 | D:4      | Reached skill level 6 in Axes
  2769 | D:4      | Reached skill level 5 in Fighting
  2769 | D:4      | Reached XP level 6. HP: 47/56 MP: 6/6
  2904 | D:4      | You fall into a shaft and drop 1 floor!
  2904 | D:5      | Entered Level 5 of the Dungeon
  3041 | D:5      | Found Isacun's Armour Shop.
  3140 | D:5      | Reached skill level 7 in Axes
  3229 | D:5      | Reached XP level 7. HP: 62/62 MP: 7/7
  3472 | D:5      | Reached skill level 8 in Axes
  3936 | D:4      | Found a staircase to the Ecumenical Temple.
  4036 | Temple   | Entered the Ecumenical Temple
  4081 | Temple   | Became a worshipper of Nemelex Xobeh the Trickster
  4687 | D:6      | Reached skill level 9 in Axes
  4785 | D:6      | Found an iron altar of Okawaru.
  4785 | D:6      | Found a runed translucent door.
  4790 | D:6      | Found the +0 toga "Victory" {*Victory Clar}
  4841 | D:6      | Reached XP level 8. HP: 60/71 MP: 8/8
  5019 | D:6      | Found a shimmering altar of Xom.
  5036 | D:6      | Reached skill level 10 in Axes
  5311 | D:6      | Found a sacrificial altar of Ru.
  5416 | D:6      | Found a snail-covered altar of Cheibriados.
  5479 | D:6      | Reached skill level 11 in Axes
  5486 | D:6      | Reached XP level 9. HP: 27/81 MP: 9/9
  5688 | D:7      | Reached * piety under Nemelex Xobeh
  5942 | D:7      | Reached skill level 12 in Axes
  6206 | D:7      | Identified the +10 quarterstaff "Ytsoz" {drain, *Slow rF++
                  | rC+ rN+}
  6552 | D:8      | Noticed a two-headed ogre
  6560 | D:8      | Killed a two-headed ogre
  6561 | D:8      | Reached skill level 13 in Axes
  6644 | D:8      | Received a gift from Nemelex Xobeh
  6792 | D:8      | Reached skill level 1 in Invocations
  6877 | D:8      | Reached ** piety under Nemelex Xobeh
  7268 | D:9      | Noticed Maurice
  7271 | D:9      | Noticed Prince Ribbit
  7286 | D:9      | Killed Prince Ribbit
  7287 | D:9      | Reached XP level 10. HP: 78/91 MP: 11/11
  7290 | D:9      | Something stole 32 poisoned darts
  7291 | D:9      | Something stole a ring of willpower
  7292 | D:9      | Something stole a +1 war axe
  7293 | D:9      | Something stole a +0 kite shield
  7302 | D:9      | Found a hide-covered altar of Uskayaw.
  7327 | D:9      | Found a flagged portal.
  7328 | D:9      | Noticed Jeremiah
  7346 | D:9      | Killed Jeremiah
  7358 | D:9      | Something stole 423 gold
  7359 | D:9      | Killed from afar by Maurice

Illustrated notes

Levels and vault maps discovered:
D:1:      dpeg_arrival_three_same_balls, layout_loops_ring,
          kennysheep_pointless_box
D:2:      layout_basic, corexii_hall_statues_s, minmay_splitting_lines,
          kennysheep_generic_room_10
D:3:      layout_loops_ring, beargit_hepliaklqana_dungeon_heroes,
          mainiacjoe_overflow_alcove_2, elyvilon_altar_5,
          corexii_leaking_fountain, minmay_goblin_outpost, uniq_robin
D:4:      layout_loops_ring, minmay_temple_entry_trees, minmay_misc_feat_iff
D:5:      nicolae_cairo_tiling_very_big, layout_basic, serial_glass,
          glass_columns_a, glass_columns_a, serial_shops, shop
D:6:      layout_basic, nicolae_ru_sacrificial_ziggurat,
          nicolae_overflow_guarded_unrand_okawaru_victory, xom_teletrap_fun,
          slow_altar_1
D:7:      layout_loops_ring, chequers_serial_rivers_micro_b
D:8:      layout_loops_cross, lightli_orcish_oven
D:9:      layout_basic, nicolae_uskayaw_murder_on_the_dancefloor,
          mainiacjoe_overflow_catwalk_spiral, david_orc_4, enter_bailey_5,
          uniq_erolcha, uniq_jeremiah, uniq_maurice, uniq_prince_ribbit1
Temple:   chequers_temple_sunken

Skill      XL: |  1  2  3  4  5  6  7  8  9 10 |
---------------+-------------------------------+-----
Axes           | 3 4 5 6 7 9 11 13 | 13.8
Fighting       | 4 5 6 8 9 |  9.7
Invocations    | 2 |  2.7
Armour         | 4 |  4.2
Shields        | 4 |  4.1

Action                     |  1- 3 |  4- 6 |  7- 9 | 10-12 || total
---------------------------+-------+-------+-------+-------++-------
  Melee: War axe           |   124 |       |       |       ||   124
         Broad axe         |    12 |   118 |   213 |    24 ||   367
  Throw: Dart              |       |       |     3 |       ||     3
 Invoke: Draw Summoning    |       |       |       |     2 ||     2
    Use: Scroll            |     8 |       |     9 |     1 ||    18
         Potion            |       |       |     1 |     2 ||     3
 Armour: Scale mail        |    73 |    67 |   134 |    31 ||   305
  Dodge: Dodged            |    94 |    85 |   135 |    14 ||   328
  Block: Buckler           |    34 |    25 |    42 |     5 ||   106

Table legend: (Time is in decaauts)
 A = Elapsed time spent in this place.
 B = Non-inter-level travel time spent in this place.
 C = Inter-level travel time spent in this place.
 D = Time resting spent in this place.
 E = Time spent auto-exploring this place.
 F = Levels seen in this place.
 G = Mean time per level.
                   A        B        C        D        E       F      G
               +--------+--------+--------+--------+--------+-----+--------+
         Total |   7472 |   7001 |    471 |    142 |   5656 |  10 |  747.2 |
       Dungeon |   7409 |   6966 |    443 |    142 |   5656 |   9 |  823.2 |
        Temple |     62 |     35 |     27 |      0 |      0 |   1 |   62.0 |
               +--------+--------+--------+--------+--------+-----+--------+

Top non-repeatable levels by time:
     D:5: 1223 daAuts
     D:1: 1093 daAuts
     D:6: 951 daAuts
     D:2: 852 daAuts
     D:3: 831 daAuts
     D:8: 792 daAuts
     D:4: 788 daAuts
     D:7: 755 daAuts
     D:9: 120 daAuts
  Temple: 62 daAuts
